 Dungeon Crawl Stone Soup version 0.22-a0-292-g0df9d5f (webtiles) character file.

226 medis the Cutter (level 6, -1/41 HPs)
             Began as a Halfling Skald on Mar 23, 2018.
             Killed by divine providence
             ... invoked by an orc priest
              (12 damage)
             ... on level 2 of the Dungeon.
             The game lasted 00:12:31 (4886 turns).

medis the Cutter (Halfling Skald)                   Turns: 4886, Time: 00:12:31

Health: -1/41      AC:  5    Str: 12    XL:     6   Next: 22%
Magic:  6/8        EV: 16    Int: 11    God:
Gold:   182        SH:  0    Dex: 16    Spells: 5/8 levels left

rFire    + . .     SeeInvis .   a - +1 dagger (speed)
rCold    + . .     Gourm    .   (shield restricted)
rNeg     . . .     Faith    .   m - +0 leather armour (curse)
rPois    .         Spirit   .   (no helmet)
rElec    .         Reflect  .   (no cloak)
rCorr    .         Harm     .   u - +0 pair of gloves
MR       .....                  s - +0 pair of boots
Stlth    ++........             (no amulet)
HPRegen  0.13/turn              t - ring of protection from fire
MPRegen  0.11/turn              z - ring of protection from cold

@: no status effects
A: small, mutation resistance 1
a: no special abilities


You were on level 2 of the Dungeon.
You were not hungry.

You visited 1 branch of the dungeon, and saw 4 of its levels.

You collected 182 gold pieces.

Inventory:

Hand Weapons
 a - a +1 dagger of speed (weapon)
 p - a +0 short sword
 r - a cursed -1 dagger
 x - a +0 dagger of protection
Missiles
 f - 6 needles of paralysis
 j - 52 stones (quivered)
Armour
 b - a +0 leather armour
 m - a cursed +0 leather armour (worn)
 s - a +0 pair of boots (worn)
 u - a +0 pair of gloves (worn)
Jewellery
 t - a ring of protection from fire (left hand)
 z - a ring of protection from cold (right hand)
Scrolls
 e - a scroll of remove curse {unknown}
 g - a scroll of random uselessness {unknown}
 l - 4 scrolls of enchant weapon
 v - a scroll of magic mapping {unknown}
 y - 3 scrolls of fear {unknown}
 A - a scroll of immolation {unknown}
Potions
 i - a potion of haste
 k - a potion of curing
 n - a potion of agility
 w - a potion of resistance
Comestibles
 d - 7 rations


   Skills:
 + Level 2.9 Fighting
 * Level 5.0 Short Blades
 - Level 1.1 Armour
 + Level 3.5 Dodging
 - Level 0.8 Stealth
 - Level 1.5 Spellcasting
 + Level 4.1 Charms


You had 5 spell levels left.
You knew the following spells:

 Your Spells              Type           Power        Failure   Level  Hunger
a - Infusion              Chrm           #...         7%          1    ##.....
b - Shroud of Golubria    Chrm/Tloc      #.........   26%         2    ###....


Dungeon Overview and Level Annotations

Branches:
Dungeon (4/15)
 Temple: D:4-7

Altars:
Qazlal

Annotations:
D:3 SaintRoka's ghost, amateur SpEE
D:4 1 runed door, exclusion: ogre


Innate Abilities, Weirdness & Mutations

You are small and have problems with some larger weapons.
You are somewhat resistant to further mutation.


Message History

There is a stone staircase leading up here.
Unknown command.
The gnoll hits you with a spear of freezing.
The orc priest misses you. The gnoll completely misses you.
You climb upwards.
There is a stone staircase leading down, spattered with blood here.
Unknown command.
You eat one of the 8 rations.
That ration really hit the spot!
The gnoll closely misses you.
The orc priest mumbles some strange prayers to Beogh against you.
Beogh smites you!
Casting: Shroud of Golubria (safe; 26% risk of failure)
Confirm with . or Enter, or press ? or * to list all spells.
Space distorts slightly along a thin shroud covering your body.
The gnoll hits you with a spear of freezing.
* * * LOW HITPOINT WARNING * * *
Your shroud falls apart!
The orc priest calls down the wrath of Beogh upon you.
Beogh smites you!
You die...

#.......# #.#####.#
#########.# #.#
#.......#.# #.#
#.#####.#.# #.#
#.#...#.#.### #.#
#.#.#.#.#...# #.#
#.#.#.g.###.###.#
#.#.#.)@o.....#.#
#.#.#.#.###.#.#.#
#.#.#.#...(...#.#
#.#.......#.###.#
#.###.#.........#
#.#...#.#.#.#########
#.#.#...#.#.........#
####.#.###.#(#########.#
#....#...........# #.#


You could see an orc priest and a gnoll.

Vanquished Creatures
  A scorpion (D:4)
  A hound (D:3)
  2 orc wizards (D:4)
  2 adders (D:4)
  An ooze (D:3)
  A worm (D:2)
  2 dart slugs
  4 orcs (D:4)
  4 bats
  2 giant cockroaches
  8 goblins
  12 hobgoblins
  3 kobolds
  A quokka (D:2)
  3 ball pythons
  7 frilled lizards
  A leopard gecko skeleton (D:4)
  8 rats
63 creatures vanquished.

Notes
Turn   | Place    | Note
-------+----------+-------------------------------------------
     0 | D:1      | medis the Halfling Skald began the quest for the Orb.
     0 | D:1      | Reached XP level 1. HP: 14/14 MP: 3/3
   297 | D:1      | Reached XP level 2. HP: 19/19 MP: 4/4
   389 | D:1      | Reached skill level 3 in Short Blades
   786 | D:1      | Reached XP level 3. HP: 23/24 MP: 5/5
  1884 | D:3      | Reached XP level 4. HP: 25/30 MP: 0/6
  1898 | D:3      | Learned a level 2 spell: Shroud of Golubria
  2562 | D:2      | Reached skill level 4 in Short Blades
  3315 | D:3      | Found a faded altar of an unknown god.
  3391 | D:4      | Reached XP level 5. HP: 35/35 MP: 1/7
  3668 | D:4      | Found a stormy altar of Qazlal.
  3823 | D:4      | Found a runed door.
  3949 | D:4      | Reached XP level 6. HP: 32/41 MP: 6/8
  4224 | D:4      | Noticed an ogre
  4450 | D:4      | Reached skill level 5 in Short Blades
  4543 | D:4      | Noticed an ogre
  4689 | D:3      | Noticed SaintRoka's ghost (amateur SpEE)
  4886 | D:2      | Killed from afar by an orc priest

Vault maps used:
D:1:      dpeg_arrival_ternary, glass_columns_a
D:2:      minmay_goblin_kobold_house
D:3:      gammafunk_temple_overflow_elements,
          chequers_ecumenical_altar_simple_redux
D:4:      grunt_qazlal_clouds, uniq_crazy_yiuf_cottage, uniq_edmund

Skill      XL: |  1  2  3  4  5  6 |
---------------+-------------------+-----
Fighting       | 2 |  2.9
Short Blades   | 3 4 5 |  5.0
Dodging        | 3 |  3.5
Charms         | 4 |  4.1
Armour         | |  1.1
Stealth        | |  0.8
Spellcasting   | |  1.5

Action                   |  1- 3 |  4- 6 || total
-------------------------+-------+-------++-------
Melee: Short sword       |    71 |       ||    71
       Dagger            |    43 |   219 ||   262
Throw: Stone             |    15 |     2 ||    17
 Cast: Infusion          |     1 |     2 ||     3
       Shroud of Golubri |       |    11 ||    11
  Use: Potion            |       |     7 ||     7
       Scroll            |       |     6 ||     6
 Stab: Sleeping          |     2 |     2 ||     4
  Eat: Chunk             |     3 |     9 ||    12
       Ration            |       |     1 ||     1
Armor: Leather armour    |    14 |    30 ||    44
Dodge: Dodged            |    61 |   122 ||   183

Table legend:
 A = Spawn XP
 B = Non-spawn XP
 C = Spawn XP percentage of total XP
 D = Spawn monster count
 E = Non-spawn monster count
 F = Spawn count percentage of total count
 G = Total turns spent on level
                    A         B        C        D         E        F      G
               +---------+---------+-------+---------+---------+-------+---------
         Total |       0 |     324 |   0.0 |       0 |      63 |   0.0 |  4886
               +---------+---------+-------+---------+---------+-------+---------
           D:1 |       0 |      31 |   0.0 |       0 |      19 |   0.0 |   840
           D:2 |       0 |      30 |   0.0 |       0 |      16 |   0.0 |  1947
           D:3 |       0 |      72 |   0.0 |       0 |      15 |   0.0 |   879
           D:4 |       0 |     191 |   0.0 |       0 |      13 |   0.0 |  1220
               +---------+---------+-------+---------+---------+-------+---------
